 Dungeon Crawl Stone Soup version 0.28.0-45-g0d030f2227 (webtiles) character file.

Game seed: 14454950470737598013

3872 CryoSword the Geomancer (level 10, -6/60 HPs)
             Began as a Gargoyle Earth Elementalist on Apr 16, 2022.
             Was a Follower of the Shining One.
             Mangled by a boulder beetle (14 damage)
             ... on level 7 of the Dungeon.
             The game lasted 00:12:19 (9519 turns).

CryoSword the Geomancer (GrEE)                      Turns: 9519, Time: 00:12:20

Health: -6/60      AC: 14    Str: 14    XL:     10   Next: 19%
Magic:  13/13      EV: 16    Int: 18    God:    the Shining One [*.....]
Gold:   110        SH:  0    Dex: 10    Spells: 7/13 levels left

rFire   . . .      SeeInvis .   w - +3 morningstar
rCold   . . .      Faith    .   (no shield)
rNeg    + + .      Spirit   .   x - +1 troll leather armour
rPois   ∞          Reflect  .   b - +1 helmet
rElec   +          Harm     .   (no cloak)
rCorr   .          Rampage  .   (no gloves)
Will    .....                   (no boots)
Stlth   +.........              (no amulet)
HPRegen 1.00/turn               n - +4 ring of evasion
MPRegen 0.13/turn               r - ring of positive energy

@: confused, ambrosia-drunk, glowing
A: sickness immunity, AC +7, negative energy resistance 1, electricity
resistance, torment resistance 1, petrification resistance
a: Renounce Religion, Divine Shield


You were on level 7 of the Dungeon.
You worshipped the Shining One.
The Shining One was aware of your devotion.
You visited 2 branches of the dungeon, and saw 8 of its levels.

You collected 316 gold pieces.
You spent 206 gold pieces at shops.

Inventory:

Hand Weapons
 w - a +3 morningstar (weapon)
   (You took it off an orc on level 3 of the Dungeon)
Missiles
 c - 209 stones
 h - 2 silver boomerangs
 l - 10 poisoned darts
 q - 7 boomerangs
Armour
 b - a +1 helmet (worn)
   (You took it off Robin on level 3 of the Dungeon)
 x - a +1 troll leather armour (worn)
   (You found it on level 6 of the Dungeon)
Jewellery
 n - a +4 ring of evasion (left hand)
   (You found it on level 7 of the Dungeon)
 r - a ring of positive energy (right hand)
   (You found it on level 7 of the Dungeon)
Wands
 j - a wand of flame (16)
   (You found it on level 6 of the Dungeon)
 u - a wand of iceblast (7) (quivered)
   (You bought it in a shop on level 6 of the Dungeon)
Scrolls
 a - 2 scrolls of teleportation {@r4}
 e - a scroll of enchant armour
 f - a scroll of magic mapping {unknown}
 m - 2 scrolls of torment {unknown}
 s - a scroll of silence {unknown}
 v - 5 scrolls of identify {@r1}
Potions
 g - 4 potions of attraction {!q}
 i - 3 potions of might
 k - 3 potions of curing {@q1}
 o - a potion of mutation {unknown}
 p - a potion of degeneration {unknown}
 t - a potion of resistance {unknown}


   Skills:
 + Level 5.6 Fighting
 * Level 6.0 Maces & Flails
 - Level 3.0 Dodging
 - Level 2.1 Stealth
 - Level 2.0 Spellcasting
 * Level 8.3 Conjurations
 - Level 0.7 Transmutations
 * Level 9.9 Earth Magic
 + Level 3.6 Invocations


You had 7 spell levels left.
You knew the following spells:

 Your Spells              Type           Power      Damage    Failure   Level
a - Sandblast             Erth           74%        2d16      1%          1
b - Stone Arrow           Conj/Erth      68%        3d11      1%          3
P - Passwall              Tmut/Erth      16%        N/A       4%          2

Your spell library contained the following spells:

 Spells                   Type           Power      Damage    Failure   Level
 Magic Dart               Conj           100%       1d8       1%          1
 Slow                     Hex            4%         N/A       22%         1
 Mephitic Cloud           Conj/Pois/Air  11%        N/A       22%         3
 Petrify                  Tmut/Erth      20%        N/A       26%         4
 Call Imp                 Summ           1%         N/A       34%         2
 Corpse Rot               Necr/Air       2%         N/A       34%         2
 Confusing Touch          Hex            1%         N/A       56%         3
 Vampiric Draining        Necr           1%         2d6       56%         3
 Irradiate                Conj/Tmut      9%         3d16      69%         5
 Dispel Undead            Necr           1%         3d6       92%         4
 Summon Lightning Spire   Summ/Air       1%         N/A       92%         4
 Yara's Violent Unravell  Hex/Tmut       1%         3d3       99%         5
 Death Channel            Necr           0%         N/A       100%        6
 Malign Gateway           Summ/Tloc      0%         N/A       100%        7
 Storm Form               Tmut/Air       1%         N/A       100%        7
 Maxwell's Capacitive Co  Air            0%         ∞         100%        8


Dungeon Overview and Level Annotations

Branches:
Dungeon (7/15)             Temple (1/1) D:5

Altars:
Ashenzari
Cheibriados
Dithmenos
Elyvilon
Fedhas
Gozag
Hepliaklqana
Kikubaaqudgha
Nemelex Xobeh
Okawaru
Qazlal
Sif Muna
Trog
Uskayaw
Vehumet
Wu Jian
Xom
Yredelemnul
The Shining One

Shops:
D:3 *   D:6 *=*:=

Annotations:
D:7 1 runed translucent door, hitsuchi's ghost, novice DEIE


Innate Abilities, Weirdness & Mutations

You are immune to sickness and miasma.
Your stone body is resilient. (AC +7)
You are immune to poison.
You resist negative energy. (rN+)
You are resistant to electric shocks. (rElec)
You are resistant to unholy torment.
You are immune to petrification.


Message History

The vampire mosquito misses you.
You completely miss the vampire mosquito.
The vampire mosquito closely misses you.
The vampire mosquito bites you.
You hit the vampire mosquito.
The vampire mosquito barely misses you. x2
The vampire mosquito bites you but does no damage.
You sock the vampire mosquito!
The vampire mosquito bites you but does no damage. x2
You barely miss the vampire mosquito. The vampire mosquito misses you.
The vampire mosquito bites you.
You hit the vampire mosquito. The vampire mosquito bites you. x2
The vampire mosquito closely misses you.
You sock the vampire mosquito!
You destroy the vampire mosquito!
The Shining One accepts your kill.
You feel better.
The centaur wields a +0 shortbow.
The centaur shoots an arrow.
The arrow completely misses you.
The centaur shoots an arrow.
The arrow hits you but does no damage.
You have reached level 10!
The centaur unwields a +0 shortbow.
The centaur closely misses you. x2
You see here a vampire mosquito corpse.
You barely miss the centaur. The centaur completely misses you.
The centaur closely misses you. The centaur barely misses you.
The centaur misses you.
You thump the centaur! The centaur completely misses you.
The centaur misses you. The centaur hits you.
The centaur kicks you but does no damage.
You hit the centaur but do no damage. The centaur closely misses you.
The centaur misses you.
The centaur hits you but does no damage.
The centaur kicks you.
You hit the centaur. The centaur misses you.
The centaur kicks you but does no damage.
The centaur hits you but does no damage.
The centaur barely misses you.
You thump the centaur!
You kill the centaur!
Your Conjurations skill increases to level 8!
No target in view!
No target in view!
No target in view!
No target in view!
No target in view!
No target in view!
Things that are here:
a +0 shortbow; 27 arrows; a centaur corpse A centaur comes into view.
The centaur shouts!
The centaur wields a +0 shortbow.
The centaur shoots an arrow.
The arrow hits you.
There is an open door here.
A centaur is nearby!
A centaur is nearby!
A centaur is nearby!
The centaur shoots an arrow.
The arrow hits you!
The centaur shoots an arrow.
The arrow hits you but does no damage.
The centaur shoots an arrow.
The arrow closely misses you.
The centaur shoots an arrow.
The arrow hits you!
The centaur shoots an arrow.
The arrow barely misses you.
You are too injured to fight recklessly!
You are too injured to fight recklessly!
You are too injured to fight recklessly!
You are too injured to fight recklessly!
You are too injured to fight recklessly!
You are too injured to fight recklessly!
You are too injured to fight recklessly!
You are too injured to fight recklessly!
You are too injured to fight recklessly!
You are too injured to fight recklessly!
The centaur unwields a +0 shortbow.
The centaur barely misses you.
The centaur kicks you but does no damage.
You bludgeon the centaur!! The centaur completely misses you.
The centaur kicks you but does no damage.
The centaur hits you but does no damage.
The centaur misses you.
You hit the centaur but do no damage. The centaur closely misses you.
The centaur kicks you but does no damage.
The centaur hits you but does no damage.
The centaur misses you.
You hit the centaur. The centaur closely misses you. The centaur kicks you.
You hit the centaur.
The centaur hits you but does no damage.
The centaur kicks you.
The centaur hits you but does no damage.
The centaur misses you.
You impale the centaur!!
You kill the centaur!
Things that are here:
a +0 shortbow; 19 arrows; a centaur corpse You start resting.
Things that are here:
a +0 troll leather armour; a troll skeleton
There is an open door here.
r - a ring of positive energy;
z - a potion of ambrosia You now have 95 gold pieces (gained 16).
You see here 16 sling bullets.
You pick up Jaethy's Almanac of the Voyage and Transformation and begin reading...
You add the spells Irradiate, Yara's Violent Unravelling and Malign Gateway to your library.
Things that are here:
a +1 dagger of draining; a +2 hunting sling of flaming; a +0 antimagic lajatang You now have 110 gold pieces (gained 15).
v - 5 scrolls of identify {@r1} (gained 2)
c - 211 stones (gained 29)
You see here a +0 leather armour.
r - a ring of positive energy (right hand)
You drop a +2 dagger of venom.
Adjust to which letter? (? for menu, Esc to quit)
w - a +3 morningstar (weapon);
n - a +4 ring of evasion (left hand)
As you read the scroll of enchant armour, it crumbles to dust.
Your +0 troll leather armour glows green for a moment.
A deep elf pyromancer comes into view. It is wielding a +0 long sword.
The deep elf pyromancer shouts!
Aim: a deep elf pyromancer, wielding a +0 long sword (64% to hit)
The stone arrow hits the deep elf pyromancer!
Aim: a deep elf pyromancer, wielding a +0 long sword (moderately wounded, haloed, 81% to hit)
The blast of sand hits the deep elf pyromancer!!
The deep elf pyromancer gestures at you while chanting.
The bolt of fire misses you.
Aim: a deep elf pyromancer, wielding a +0 long sword (almost dead, haloed, 81% to hit)
The blast of sand hits the deep elf pyromancer!
You kill the deep elf pyromancer!
Your Maces & Flails skill increases to level 6!
A boulder beetle is nearby!
A boulder beetle is nearby!
A boulder beetle is nearby!
Aim: a boulder beetle The mass of ice explodes!
The iceblast engulfs the boulder beetle but does no damage.
The boulder beetle curls into a ball and begins rolling!
Aim: a boulder beetle (rolling)
The mass of ice explodes!
The iceblast engulfs the boulder beetle but does no damage.
The boulder beetle hits you!!!
Ouch! That really hurt!
* * * LOW HITPOINT WARNING * * *
The boulder beetle stops rolling and uncurls.
You see here a +0 leather armour.
Okay, then.
You are confused.
You feel invigorated. The boulder beetle bites you!
* * * LOW HITPOINT WARNING * * *
You hit the boulder beetle but do no damage.
The boulder beetle bites you!
* * * LOW HITPOINT WARNING * * *
You are too confused!
Okay, then.
You are too confused!
You hit the boulder beetle but do no damage.
The boulder beetle bites you!
You die...

#..'#######################+..#
#..#.##......##.##.#######.#..#
#..#...##....##.##.........#..#
###..##....##.##.#.##.#####.##..#
......###....###.#.##.......#...#
#####.##.##..##.###.##.###.##.#..
###....#...####.#)#.##.....#..###
....##.##...##.##.##.##.#.##.##
...###..###.##.#@.(#.##...#..# #
...# ##.##.##.###B###.##.##.## ##
#..# #..#.#'...)...).'#.#..####.
#..# ##.##.###########.##....)).
#..# #..#..# #..##.....## ...#
#..##.#########.##....#.). ..##
#...##.........##....###..
..######....#.#######.#.....###..
.....#....#.##.......##..........


You could see a boulder beetle.

Vanquished Creatures
  A deep elf pyromancer (D:7)
  An ugly thing (D:6)
  2 trolls
  A vampire mosquito (D:7)
  A steam dragon (D:7)
  2 ice beasts (D:7)
  An orc warrior (D:6)
  2 black bears (D:7)
  A necrophage (D:6)
  4 ogres
  2 centaurs (D:7)
  A bullfrog (D:7)
  2 scorpions
  A water moccasin zombie (D:6)
  A wyvern skeleton (D:6)
  5 killer bees (D:4)
  A howler monkey (D:6)
  A bullfrog zombie (D:7)
  A jelly (D:4)
  2 centaur zombies
  A centaur skeleton (D:7)
  2 hounds
  An orc priest (D:5)
  2 iguanas
  Terence (D:2)
  Natasha (thrice) (D:3)
  5 orc wizards
  A mummy (D:7)
  Robin (D:3)
  7 adders
  2 shadow imps
  3 white imps (D:5)
  4 worms
  8 dart slugs
  18 orcs
  5 endoplasms
  5 giant cockroaches
  12 goblins
  4 hobgoblins
  6 jackals
  2 quokkas
  13 ball pythons
  8 bats
  5 frilled lizards
  3 kobolds
  8 rats
163 creatures vanquished.

Vanquished Creatures (others)
  3 plants (D:5)
3 creatures vanquished.

Grand Total: 166 creatures vanquished

Notes
Turn   | Place    | Note
-------+----------+-------------------------------------------
     0 | D:1      | CryoSword the Gargoyle Earth Elementalist began the quest
                  | for the Orb.
     0 | D:1      | Reached XP level 1. HP: 10/10 MP: 3/3
   324 | D:1      | Found a faded altar of an unknown god.
   330 | D:1      | Reached XP level 2. HP: 16/16 MP: 3/5
   386 | D:1      | Reached skill level 1 in Conjurations
   395 | D:1      | Reached skill level 4 in Earth Magic
   618 | D:1      | Reached skill level 1 in Fighting
   618 | D:1      | Reached XP level 3. HP: 19/20 MP: 6/6
   625 | D:1      | Learned a level 2 spell: Passwall
   629 | D:1      | Learned a level 3 spell: Stone Arrow
   636 | D:1      | You fall into a shaft and drop 1 floor!
  1177 | D:1      | Reached XP level 4. HP: 25/25 MP: 7/7
  1407 | D:2      | Noticed Terence
  1423 | D:2      | Killed Terence
  2106 | D:3      | Found a shimmering blue altar of Sif Muna.
  2119 | D:3      | Reached XP level 5. HP: 30/30 MP: 8/8
  2122 | D:3      | Found Ygysath's Assorted Antiques.
  2129 | D:3      | Noticed Robin
  2130 | D:3      | Noticed Natasha
  2168 | D:3      | Killed Natasha
  2169 | D:3      | Reached skill level 5 in Earth Magic
  2179 | D:3      | Killed Robin
  2402 | D:3      | Bought a scroll labelled OBUBLE FEOSCHAC for 26 gold pieces
  2584 | D:3      | Found an ornate altar of the Wu Jian Council.
  3190 | D:3      | Noticed Natasha
  3203 | D:3      | Killed Natasha
  3467 | D:3      | Found an ornate altar of the Wu Jian Council.
  3550 | D:3      | Noticed Natasha
  3554 | D:3      | Killed Natasha
  3555 | D:3      | Reached XP level 6. HP: 29/36 MP: 5/9
  3886 | D:3      | Found a shimmering blue altar of Sif Muna.
  3897 | D:3      | Found Ygysath's Assorted Antiques.
  4222 | D:4      | Reached skill level 6 in Earth Magic
  4222 | D:4      | Reached XP level 7. HP: 9/40 MP: 10/10
  5140 | D:4      | Found an ancient bone altar of Kikubaaqudgha.
  5171 | D:4      | Reached skill level 1 in Maces & Flails
  5355 | D:4      | Reached skill level 5 in Conjurations
  5530 | D:5      | Entered Level 5 of the Dungeon
  5565 | D:5      | Found a broken altar of Ashenzari.
  5688 | D:5      | Found a staircase to the Ecumenical Temple.
  5701 | Temple   | Entered the Ecumenical Temple
  5884 | Temple   | Became a worshipper of the Shining One
  6154 | D:5      | Reached XP level 8. HP: 40/46 MP: 8/11
  6277 | D:5      | Reached skill level 7 in Earth Magic
  7229 | D:6      | Found Xadui's CLEARANCE SALE!.
  7237 | D:6      | Bought a wand of iceblast (7) for 66 gold pieces
  7237 | D:6      | Bought a wand of iceblast (2) for 36 gold pieces
  7454 | D:3      | Bought 2 scrolls labelled KAPHUMIUHO for 52 gold pieces
  7529 | D:6      | Found a shadowy altar of Dithmenos.
  7584 | D:6      | Reached * piety under the Shining One
  7601 | D:6      | Found an opulent altar of Gozag.
  7638 | D:6      | Found Xuddami's General Store.
  7638 | D:6      | Found Uclir's Jewellery Boutique.
  7639 | D:6      | Found Bireut's Jewellery Boutique.
  7639 | D:6      | Found Cifemor's Book Boutique.
  7654 | D:6      | Bought a scroll of identify for 26 gold pieces
  7898 | D:6      | Reached skill level 1 in Invocations
  8053 | D:7      | Reached skill level 8 in Earth Magic
  8390 | D:7      | Reached XP level 9. HP: 39/52 MP: 8/12
  8655 | D:7      | Noticed a troll
  8657 | D:7      | Noticed a hornet
  8686 | D:6      | Killed a troll
  8774 | D:7      | Found a snail-covered altar of Cheibriados.
  8831 | D:7      | Reached skill level 5 in Fighting
  8831 | D:7      | Reached skill level 9 in Earth Magic
  9030 | D:7      | Found a runed translucent door.
  9030 | D:7      | Noticed hitsuchi's ghost (novice DEIE)
  9168 | D:7      | Noticed a boulder beetle
  9168 | D:7      | Noticed a white ugly thing
  9168 | D:7      | Noticed a troll
  9168 | D:7      | Reached ** piety under the Shining One
  9179 | D:7      | Killed a troll
  9180 | D:7      | Reached skill level 5 in Maces & Flails
  9214 | D:6      | Killed a white ugly thing
  9425 | D:7      | Reached XP level 10. HP: 50/59 MP: 13/13
  9494 | D:7      | Got Jaethy's Almanac of the Voyage and Transformation
  9502 | D:7      | Noticed a deep elf pyromancer
  9507 | D:7      | Killed a deep elf pyromancer
  9518 | D:7      | HP: 3/60 [boulder beetle (14)]
  9519 | D:7      | Mangled by a boulder beetle

Illustrated notes

Levels and vault maps discovered:
D:1:      sevenhm_arrival_forest_fort_small_5, layout_basic,
          ebering_ecumenical_altar_abandoned
D:2:      layout_loops_ring, corexii_corridor_pit, uniq_terence
D:3:      layout_basic, nicolae_overflow_crystal_walls,
          mainiacjoe_overflow_six_doors_small, serial_shops, shop, uniq_robin,
          uniq_natasha
D:4:      layout_basic, mainiacjoe_overflow_cross_hatched
D:5:      layout_basic, cheibrodos_ashenzari_chains, temple_fountains,
          hangedman_decor_slide_cut, serial_bayou_ford_a
D:6:      layout_basic, mainiacjoe_overflow_catch_the_wave,
          minmay_shop_grid_forest, nicolae_shop_clearance
D:7:      minmay_the_grid_triangle_9x9_recursive_2
          [minmay_the_grid_triangle_9x9_prize_top_heavy,
          minmay_the_grid_triangle_9x9_steps,
          minmay_the_grid_triangle_9x9_odd_lines,
          minmay_the_grid_triangle_9x9_flanged_cone], layout_rooms,
          lemuel_coloured_pillars_altar, slow_altar_1,
          hellmonk_ghost_happy_afterlife, uniq_menkaure
Temple:   minmay_temple_bridge_abc

Skill      XL: |  1  2  3  4  5  6  7  8  9 10 |
---------------+-------------------------------+-----
Conjurations   | 1 2 3 4 5 6 7 8 |  8.3
Earth Magic    | 4 5 6 8 9 |  9.9
Fighting       | 1 2 3 4 5 |  5.6
Dodging        | 2 3 |  3.0
Maces & Flails | 1 4 5 6 |  6.0
Invocations    | 1 3 |  3.6
Stealth        | |  2.1
Spellcasting   | |  2.0
Transmutations | |  0.7

Action                   |  1- 3 |  4- 6 |  7- 9 | 10-12 || total
-------------------------+-------+-------+-------+-------++-------
Melee: Unarmed           |    10 |       |       |       ||    10
       Dagger            |    64 |   155 |   128 |       ||   347
       Punch             |     1 |     5 |     2 |       ||     8
       Morningstar       |       |       |   117 |    12 ||   129
 Cast: Sandblast         |    18 |     7 |    33 |     2 ||    60
       Stone Arrow       |       |       |    23 |     1 ||    24
Invok: Divine Shield     |       |       |     1 |       ||     1
Evoke: Wand              |       |       |       |     2 ||     2
  Use: Scroll            |       |     6 |     8 |     1 ||    15
       Potion            |       |     2 |     1 |     1 ||     4
 Stab: Sleeping          |     6 |     5 |       |       ||    11
Armor: Robe              |    43 |    11 |       |       ||    54
       Leather armour    |       |    50 |   112 |       ||   162
       Skin              |       |     8 |       |       ||     8
       Troll leather arm |       |       |    21 |    12 ||    33
Dodge: Dodged            |    74 |   117 |   240 |    22 ||   453
Block: Other             |       |       |     1 |       ||     1
